AoeStats
← martin.fischer.ac

Black Forest

508035999Analyzed
3v3 RM · 12d ago on Sep 20, 2026· 47m 43s· 6 players
Game mode
Random Map
Map size
Normal (6 player)
Population
200
Speed
Normal
Resources
Standard
Victory
Conquest
Starting age
Dark Age
Ending age
Imperial Age
RankedLock teamsTeams togetherTeam positionsShared explorationLock speedFull tech treeHidden civsTurbo modeCheats
Victory
Defeat
🇨🇭 Turks · Switzerland
922
+12
🇦🇷 Teutons · Argentina
909
+31
🇩🇪 Japanese · Germany
886
+14
🇧🇷 Vikings · Brazil
848
-13
🇧🇷 Persians · Brazil
845
-13
🇧🇷 Khmer · Brazil
829
-13
Topsh
0:34 Loom
11:14 Feudal Age
18:03 Castle Age
18:43 Stone Mining
18:47 Gold Mining
18:42 Horse Collar
19:09 Double-Bit Axe
19:43 Fishing Lines
21:10 Bow Saw
22:54 Caravan
23:09 Town Watch
24:01 Wheelbarrow
23:58 Stone Mining
24:46 Gold Shaft Mining
25:17 Heavy Plow
25:29 Gillnets
27:33 Hand Cart
27:29 Town Patrol
34:01 Imperial Age
31:16 Treadmill Crane
31:48 Masonry
32:01 Ballistics
31:38 Loom
34:37 Fortified Wall
35:19 Artillery
35:43 Conscription
35:15 Elite Janissary
36:31 Hoardings
36:45 Architecture
38:33 Fletching
38:44 Padded Archer Armor
38:56 Forging
38:52 Scale Barding Armor
41:28 Bodkin Arrow
41:49 Leather Archer Armor
42:19 Bloodlines
42:11 Husbandry
41:32 Heavy Camel Rider
Ledmini1518
12:27 Feudal Age
17:13 Wheelbarrow
19:05 Castle Age
19:06 Double-Bit Axe
19:07 Horse Collar
19:39 Fletching
19:49 Fishing Lines
20:31 Heavy Plow
21:10 Caravan
21:10 Gillnets
22:22 Wheelbarrow
25:50 Hand Cart
29:51 Bow Saw
29:48 Stone Mining
29:51 Gold Mining
30:15 Bow Saw
33:06 Imperial Age
33:14 Imperial Age
33:08 Ballistics
38:41 Heavy Scorpion
40:28 Chemistry
40:14 Bodkin Arrow
40:19 Padded Archer Armor
39:55 Pikeman
40:43 Halberdier
44:09 Ironclad
martin.fischer.ac
1:44 Loom
12:34 Feudal Age
13:20 Double-Bit Axe
17:16 Castle Age
15:18 Horse Collar
20:32 Bow Saw
22:37 Wheelbarrow
25:37 Hand Cart
25:09 Town Watch
26:16 Heavy Plow
27:36 Gold Mining
28:09 Stone Mining
28:56 Gold Shaft Mining
28:53 Fortified Wall
30:22 Caravan
32:58 Imperial Age
31:28 Town Patrol
31:04 Pikeman
31:44 Squires
31:30 Arson
32:27 Crossbowman
33:12 Thumb Ring
32:28 Elite Skirmisher
33:00 Fletching
33:11 Padded Archer Armor
33:06 Arbalester
34:04 Halberdier
35:48 Chemistry
35:09 Ballistics
36:16 Conscription
36:34 Bodkin Arrow
36:56 Leather Archer Armor
36:42 Scale Mail Armor
36:48 Capped Ram
37:28 Cavalier
38:09 Husbandry
38:19 Bloodlines
37:30 Light Cavalry
38:18 Husbandry
37:39 Light Cavalry
38:44 Kataparuto
39:51 Elite Samurai
40:32 Yasama
44:11 Murder Holes
47:36 Chain Mail Armor
FREDERICUS-HERECTUS
0:32 Loom
17:32 Feudal Age
18:15 Gold Mining
18:17 Stone Mining
18:14 Town Watch
18:53 Horse Collar
21:01 Double-Bit Axe
27:03 Castle Age
29:01 Gold Shaft Mining
28:30 Heavy Plow
28:45 Bow Saw
32:12 Imperial Age
30:05 Fortified Wall
30:06 Masonry
30:00 Squires
29:27 Elite Skirmisher
29:57 Arson
30:03 Pikeman
31:06 Forging
31:02 Gambesons
31:14 Fletching
31:26 Padded Archer Armor
32:03 Scale Mail Armor
32:11 Murder Holes
34:44 Leather Archer Armor
35:31 Bodkin Arrow
36:12 Iron Casting
36:26 Chain Mail Armor
36:39 Bracer
39:06 Plate Mail Armor
40:44 Blast Furnace
40:20 Architecture
40:19 Ballistics
41:45 Ring Archer Armor
42:28 Chemistry
42:55 Conscription
44:53 Crop Rotation
46:30 Man-at-Arms
JLT_Jhoni
0:27 Loom
14:57 Feudal Age
16:20 Wheelbarrow
15:28 Horse Collar
15:40 Gold Mining
15:40 Stone Mining
15:38 Double-Bit Axe
16:25 Town Watch
21:56 Castle Age
20:50 Fishing Lines
23:30 Hand Cart
23:18 Heavy Plow
24:00 Gold Shaft Mining
24:00 Stone Shaft Mining
23:41 Bow Saw
24:18 Gillnets
25:15 Caravan
31:36 Imperial Age
31:49 Ballistics
32:53 Chemistry
32:00 Kamandaran
32:21 Conscription
33:15 Two-Man Saw
32:48 Crop Rotation
33:25 Elite War Elephant
38:01 Thumb Ring
37:17 Crossbowman
40:31 Light Cavalry
41:22 Bloodlines
41:14 Husbandry
42:14 Hussar
JLT_Shinoub
0:26 Loom
14:16 Feudal Age
15:36 Wheelbarrow
14:50 Double-Bit Axe
14:47 Horse Collar
14:59 Gold Mining
15:01 Stone Mining
16:19 Town Watch
22:22 Castle Age
24:15 Hand Cart
24:12 Bow Saw
24:12 Heavy Plow
24:49 Gold Shaft Mining
24:51 Stone Shaft Mining
26:55 Murder Holes
27:13 Caravan
34:50 Imperial Age
33:39 Town Patrol
36:12 Conscription
35:53 Double Crossbow
36:36 Scale Barding Armor
38:22 Husbandry
39:09 Bloodlines
38:19 Light Cavalry
40:30 Chemistry
39:34 Pikeman
41:44 Halberdier
42:50 Elite Ballista Elephant
46:10 Elite Skirmisher
47:15 Chain Barding Armor
47:06 Forging
46:47 Fletching
Connection lost

Rejoining the realm…

Still unreachable

The connection could not be restored.

Session expired

The server has moved on; the page needs a fresh start.